General information
	        
			
        
        - name: 1v1 OBS SV #9
 
        - type: Custom game
 
        - host: bia-bia-bia-bia
 
        - saver: kunt.roII
 
        
map: SecretValley 
        - players: 7
 
        - length: 14:00
 
        - speed: Fast
 - version: 1.22 W3XP
 - replay type:  Public
 
» download(62 KB)
Players
        team 1 (winner) 
              
              
kunt.roII (
yellow | 121 APM | 1699 actions | 14:00)
              
 5 Dreadlord 
 3 Sleep
 2 Vampiric Aura
 3 Pandaren Brewmaster 
 2 Drunken Haze
 1 Drunken Brawler
 
                » actions 
                
                | Assign group hotkey | 57 |  | 
| Basic commands | 96 |  | 
| Build / train | 55 |  | 
| ESC pressed | 2 |  | 
| Enter build submenu | 14 |  | 
| Enter hero's abilities submenu | 8 |  | 
| Give item / drop item | 3 |  | 
| Right click | 785 |  | 
| Select / deselect | 270 |  | 
| Select group hotkey | 339 |  | 
| Use ability | 70 |  | 
                1699 total
 » units 
                
                | Acolyte | 8 |  | 
| Ghoul | 13 |  | 
| Gargoyle | 2 |  | 
| Obsidian Statue | 2 |  | 
| Necromancer | 2 |  | 
| Abomination | 2 |  | 
                29 total
 » upgrades
                
                | Unholy Strength | 1 |  | 
| Necromancer Training | 1 |  | 
| Ghoul Frenzy | 1 |  | 
| Disease Cloud | 1 |  | 
                4 total
 » buildings
                
                | Crypt | 1 |  | 
| Altar of Darkness | 1 |  | 
| Ziggurat | 4 |  | 
| Tomb of Relics | 1 |  | 
| Graveyard | 2 |  | 
| Halls of the Dead | 1 |  | 
| Nerubian Tower | 1 |  | 
| Black Citadel | 2 |  | 
| Slaughterhouse | 1 |  | 
| Temple of the Damned | 1 |  | 
                15 total
 » build order
                00:07 Crypt
00:13 Altar of Darkness
00:23 Ziggurat
01:04 Tomb of Relics
01:38 Ziggurat
03:18 Graveyard
03:25 Halls of the Dead
03:40 Graveyard
03:50 Nerubian Tower
04:45 Ziggurat
06:05 Black Citadel
06:05 Black Citadel
06:23 Slaughterhouse
06:38 Temple of the Damned
07:16 Ziggurat
» items
                
                | Rod of Necromancy | 2 |  | 
| Dust of Appearance | 1 |  | 
| Potion of Healing | 1 |  | 
| Potion of Mana | 1 |  | 
| Orb of Corruption | 1 |  | 
| Scroll of Healing | 1 |  | 
| Scroll of Town Portal | 1 |  | 
                8 total
  
               team 2 (loser) 
              
              
rmit-bluebear (
pink | 212 APM | 2965 actions | 13:59)
              
 3 Far Seer 
 2 Feral Spirit
 1 Chain Lighting
 3 Tauren Chieftain 
 2 War Stomp
 1 Endurance Aura
 
                » actions 
                
                | Assign group hotkey | 51 |  | 
| Basic commands | 111 |  | 
| Build / train | 67 |  | 
| Enter build submenu | 13 |  | 
| Enter hero's abilities submenu | 6 |  | 
| Give item / drop item | 4 |  | 
| Right click | 940 |  | 
| Select / deselect | 522 |  | 
| Select group hotkey | 1127 |  | 
| Use ability | 124 |  | 
                2965 total
 » units 
                
                | Peon | 13 |  | 
| Grunt | 10 |  | 
| Raider | 5 |  | 
| Spirit Walker | 2 |  | 
                30 total
 » upgrades
                
                | Berserker Strength | 1 |  | 
| Ensnare | 1 |  | 
| Pillage | 1 |  | 
| Spirit Walker Training | 1 |  | 
                4 total
 » buildings
                
                | Altar of Storms | 1 |  | 
| Orc Burrow | 5 |  | 
| Barracks | 1 |  | 
| Stronghold | 1 |  | 
| Voodoo Lounge | 1 |  | 
| Beastiary | 1 |  | 
| Spirit Lodge | 1 |  | 
| War Mill | 1 |  | 
                12 total
 » build order
                00:05 Altar of Storms
00:18 Orc Burrow
00:34 Barracks
01:18 Orc Burrow
02:48 Stronghold
03:05 Voodoo Lounge
03:40 Orc Burrow
05:18 Beastiary
06:31 Orc Burrow
10:05 Spirit Lodge
10:30 War Mill
11:12 Orc Burrow
» items
                
                | Healing Salve | 4 |  | 
| Lesser Clarity Potion | 4 |  | 
| Scroll of Speed | 2 |  | 
| Dust of Appearance | 1 |  | 
| Scroll of Healing | 1 |  | 
| Potion of Lesser Invulnerability | 2 |  | 
| Potion of Mana | 1 |  | 
                15 total
  
               observersbia-bia-bia-bia, 
sexgodjayden, 
raiyuki, 
ashton, 
sdlDSKLoiLDK Chat log
          
(13:53 / All) rmit-bluebear: gg
(13:54 / All) kunt.roII: gg